Map: Catalyst LE

Players

InZaNe

  • Race: Terran Terran
  • League: Grandmaster
  • Spawn Location: 11:00

Clem - Winner!

  • Race: Terran Terran
  • League: Grandmaster
  • Spawn Location: 5:00

Event: HomeStory Cup XVII

VOD

Have the link to the VOD?

Description

Time

  • Played on: June 28, 2018, 9:27 a.m.
  • Length: 7:32

All games in this series

Show
View Real Time Build Order
Export as new Build Order

InZaNe Terran 

Build Orders: 1/1/1, Cyclone Opening 

Get SALT Encoding   

  12  0:00  SCV  
  13  0:13  SCV  
  14  0:17  Supply Depot  
  14  0:25  SCV  
  15  0:29  Refinery  
  15  0:38  SCV  
  16  0:44  Barracks  
  16  0:51  SCV  
  16  0:56  Refinery  
  17  1:03  SCV  
  18  1:15  SCV  
  19  1:31  Orbital Command  
  19  1:32  Factory  
  19  1:35  Reaper  
  20  1:50  Supply Depot  
  20  1:57  SCV  
  21  2:07  Reaper  
  22  2:09  SCV  
  23  2:18  Starport  
  23  2:20  Cyclone  
  26  2:23  SCV  
  27  2:30  Supply Depot  
  27  2:35  SCV  
  28  2:40  Barracks Tech Lab  
  28  2:47  SCV  
  29  3:03  Raven  
  31  3:07  Command Center  
  31  3:16  Barracks Reactor  
  31  3:25  SCV  
  31  3:29  Cyclone  
  33  3:34  Supply Depot  
  33  3:37  SCV  
  34  3:49  SCV  
  34  3:52  Marine x2  
  37  4:01  Viking, SCV  
  40  4:09  Siege Tank  
  43  4:11  Marine x2  
  43  4:13  SCV  
  46  4:20  Orbital Command  
  43  4:28  SCV  
  46  4:34  Refinery  
  44  4:40  SCV  
  44  4:41  Viking x2  
  45  4:49  Marine  
  44  4:56  Orbital Command  
  44  4:58  SCV x2  
  45  5:01  Siege Tank  
  48  5:07  Marine  
  48  5:10  SCV  
  48  5:12  Liberator  
  50  5:22  SCV x2  
  50  5:27  Command Center  
  55  5:36  SCV x2  
  55  5:41  Refinery  
  55  5:42  Refinery  
  57  5:47  Supply Depot  
  57  5:49  Supply Depot, SCV  
  59  5:52  SCV  
  60  5:57  Barracks Tech Lab  
  60  6:02  SCV  
  61  6:04  SCV  
  61  6:09  Barracks  
  61  6:12  Barracks  
  61  6:14  SCV  
  61  6:16  SCV  
  63  6:20  Starport Reactor  
  63  6:22  Marine  
  64  6:26  SCV  
  64  6:28  Engineering Bay x2  
  64  6:32  Siege Tank  
  68  6:37  SCV  
  69  6:40  Marine  
  61  6:48  SCV  
  61  6:50  SCV  
  61  6:53  SCV  
  46  6:58  Marine  
  46  6:59  Marine x2  
  46  7:00  SCV  
  46  7:05  SCV x2  
  46  7:14  SCV  
  37  7:17  SCV x2  
Show
View Real Time Build Order
Export as new Build Order

Clem Terran - Winner!

Build Orders: Cyclone Opening 

Get SALT Encoding   

  12  0:00  SCV  
  13  0:13  SCV  
  14  0:17  Supply Depot  
  14  0:25  SCV  
  14  0:28  Refinery  
  15  0:40  SCV  
  16  0:45  Barracks  
  16  0:52  SCV  
  16  0:55  Refinery  
  17  1:04  SCV  
  18  1:16  SCV  
  19  1:31  Orbital Command  
  19  1:32  Reaper  
  20  1:36  Factory  
  20  1:47  Supply Depot  
  20  1:57  SCV  
  21  2:04  Reaper  
  22  2:09  SCV  
  23  2:19  Cyclone  
  23  2:21  SCV  
  27  2:33  Command Center  
  28  2:37  Barracks Reactor  
  28  2:40  Supply Depot  
  28  2:44  SCV  
  28  2:52  Cyclone  
  31  3:01  SCV  
  32  3:13  SCV  
  32  3:26  SCV  
  30  3:36  Cyclone x2  
  30  3:38  SCV  
  37  3:44  Orbital Command  
  37  3:45  Starport  
  37  3:48  Barracks Tech Lab  
  37  3:50  SCV  
  38  4:02  SCV  
  38  4:13  SCV  
  38  4:14  SCV  
  40  4:21  Marine x2, Siege Tank  
  44  4:25  SCV  
  44  4:26  Viking, SCV  
  44  4:31  Supply Depot  
  48  4:37  SCV  
  49  4:39  Marine x2  
  49  4:41  SCV  
  52  4:49  SCV  
  53  4:53  Siege Tank  
  53  4:56  Supply Depot, Marine  
  53  4:57  SCV  
  58  5:01  SCV  
  58  5:04  Viking  
  58  5:06  Marine  
  62  5:08  Supply Depot  
  62  5:16  Marine, SCV x2  
  62  5:24  Marine, Barracks  
  62  5:25  Barracks  
  63  5:31  Siege Tank  
  63  5:32  SCV  
  63  5:33  SCV  
  63  5:34  Marine, Starport Tech Lab  
  69  5:41  Refinery x2, Marine  
  70  5:45  SCV x2  
  72  5:51  Marine  
  72  5:52  Engineering Bay  
  73  5:59  Supply Depot, SCV  
  73  6:03  SCV  
  75  6:05  Starport Reactor  
  75  6:09  Siege Tank  
  78  6:14  Barracks Reactor  
  78  6:21  Marine x2, SCV x2  
  78  6:22  Supply Depot  
  82  6:27  Marine  
  83  6:33  Supply Depot  
  83  6:38  Marine x2, SCV  
  86  6:44  Marine, SCV  
  82  6:50  SCV  
  82  6:52  Marine  
  82  6:53  Marine  
  73  6:56  Marine, SCV  
  73  6:59  Marine  
  72  7:02  Marine, SCV  
  72  7:08  SCV  
  71  7:10  Marine  
  71  7:11  Marine  
  71  7:14  SCV  
Tags
 
Add a new tag
Caveats
  • Supply blocks, unpowered buildings, or Contaminate may cause inaccurate times.
  • Supply counts are checked every 10 seconds.